 Dungeon Sprint DCSS version 0.29.1-2-gbd0b4ee654 (webtiles) character file.

Game seed: 15418975682296289433

7533 Zeld the Severer (level 10, 0/104 HPs)
             Began as a Minotaur Berserker on Nov 4, 2022.
             Was the Champion of Trog.
             Succumbed to Joseph's curare-tipped dart
             ... in the Dungeon (Sprint III: "The Ten Rune Challenge").
             The game lasted 00:02:31 (3003 turns).

Zeld the Severer (Minotaur Berserker)               Turns: 3003, Time: 00:02:32

Health: 0/104      AC: 16    Str: 27    XL:     10   Next: 96%
Magic:  3/3        EV: 11    Int:  4    God:    Trog [******]
Gold:   50         SH:  0    Dex:  9    Spells: 9/9 levels left

rFire   . . .      SeeInvis .   a - +1 battleaxe (antimagic)
rCold   . . .      Faith    .   (shield currently unavailable)
rNeg    . . .      Spirit   .   b - +0 plate armour
rPois   .          Reflect  .   (helmet restricted)
rElec   .          Harm     .   (no cloak)
rCorr   .          Rampage  .   (no gloves)
Will    .....      NoTele   +   (no boots)
Stlth   ..........              (no amulet)
HPRegen 0.27/turn               (no ring)
MPRegen 0.08/turn               (no ring)

@: lethally poisoned (0 -> -1), on berserk cooldown, slowed, very slow
A: horns 2, retaliatory headbutt
a: Renounce Religion, Berserk, Trog's Hand, Brothers in Arms


You were in the Dungeon.
You worshipped Trog.
Trog was exalted by your worship.
You visited 1 branch You collected 50 gold pieces.

Inventory:

Hand Weapons
 a - a +1 antimagic battleaxe (weapon)
Armour
 b - a +0 plate armour (worn)
Wands
 p - a wand of iceblast (8)
Scrolls
 h - 2 scrolls of blinking
 j - a scroll of immolation {unknown}
 k - a scroll of enchant weapon {unknown}
 l - a scroll of poison {unknown}
 m - a scroll of identify {unknown}
Potions
 c - 2 potions of curing
 d - 2 potions of heal wounds
 e - 2 potions of haste
 f - 2 potions of magic
 g - a potion of berserk rage
 i - 3 potions of mutation {unknown}
 n - a potion of flight {unknown}
 o - 2 potions of might


   Skills:
 + Level 14.7 Fighting
 * Level 19.9 Axes
 + Level 14.5 Armour
 + Level 13.4 Dodging


You had 9 spell levels left.
You didn't know any spells.
Your spell library was empty.

Dungeon Overview and Level Annotations

Branches:
Dungeon (1/1)

Altars:
Cheibriados
Dithmenos
Elyvilon
Fedhas
Gozag
Hepliaklqana
Kikubaaqudgha
Makhleb
Nemelex Xobeh
Okawaru
Qazlal
Ru
Sif Muna
Trog
Uskayaw
Vehumet
Wu Jian
Xom
Yredelemnul
Zin
The Shining One
Jiyva
Lugonu


Innate Abilities, Weirdness & Mutations

You have a pair of horns on your head.
You reflexively headbutt those who attack you in melee.


Message History

You closely miss Joseph.
Joseph is heavily wounded.
You feel sick.
Joseph hits you with a +2 quarterstaff of freezing!
* * * LOW HITPOINT WARNING * * *
Joseph freezes you.
* * * LOW HITPOINT WARNING * * *
You barely miss Joseph.
Joseph is heavily wounded.
You feel sick.
Unknown command.
Unknown command.
You slice Joseph!! Your headbutt misses Joseph.
Joseph is severely wounded.
Joseph hits you with a +2 quarterstaff of freezing.
* * * LOW HITPOINT WARNING * * *
Joseph freezes you.
* * * LOW HITPOINT WARNING * * *
Unknown command.
You slice Joseph like a ripe choko!!! You headbutt Joseph!
Joseph is almost dead.
* * * LOW HITPOINT WARNING * * *
You feel sick. Joseph hits you but does no damage.
Unknown command.
You slash Joseph!
You feel the power of Trog in you as your rage grows.
You kill Joseph!
Trog accepts your kill. Trog grants you a weapon!
Something appears at your feet!
You see here a +4 battleaxe.
* * * LOW HITPOINT WARNING * * *
You feel sick.
* * * LOW HITPOINT WARNING * * *
You feel sick.
You see here a +0 dire flail of distortion.
You feel a strong urge to attack something.
You are no longer berserk.
You are exhausted.
You feel as though you will be slow longer.
You die...

'##)#.#.##)#.)##....^.#
#...#..#..##..'...^^..#
▓▓▓▓▓▓▓▓▓▓▓▓▓▓#.......#
........~~~...#......^#
≈≈≈≈≈≈≈≈≈≈♣♣..'^^.....#
♣♣♣♣♣♣♣♣♣♣♣♣..#.....^^#
♣♣♣##)###### ♣♣ #.))+
.## #.@.# #.# #...#
.##+ ##### )..# #..#
####


There were no monsters in sight!

Vanquished Creatures
  Harold (D)
  Erolcha (D)
  Urug (D)
  A deep elf pyromancer (D)
  Joseph (D)
  A lindwurm (D)
  2 cane toads (D)
  A komodo dragon (D)
  2 tyrant leeches (D)
  3 wandering mushrooms (D)
  A shadow (D)
  5 redbacks (D)
  A spatial vortex (D)
  5 two-headed ogres (D)
  A scorpion (D)
  A necrophage (D)
  A water elemental (D)
  A jelly (D)
  A wizard (D)
  A necromancer (D)
  A kobold demonologist (D)
  3 humans (D)
  An endoplasm (D)
  3 rats (D)
  A ballistomycete spore (D)
41 creatures vanquished.

Vanquished Creatures (others)
  A hydra (D)
  2 plants (D)
3 creatures vanquished.

Grand Total: 44 creatures vanquished

Notes
Turn   | Place    | Note
-------+----------+-------------------------------------------
     0 | D        | Zeld the Minotaur Berserker began the quest for the Orb.
     0 | D        | Reached XP level 1. HP: 19/19 MP: 0/0
     9 | D        | Reached skill level 4 in Axes
    55 | D        | Reached ** piety under Trog
    86 | D        | Reached skill level 5 in Axes
    86 | D        | Reached XP level 2. HP: 28/28 MP: 1/1
   177 | D        | Noticed a scorpion
   187 | D        | Killed a scorpion
   188 | D        | Reached skill level 5 in Fighting
   188 | D        | Reached skill level 7 in Axes
   188 | D        | Reached skill level 5 in Armour
   188 | D        | Reached XP level 3. HP: 37/37 MP: 2/2
   188 | D        | Reached XP level 4. HP: 44/44 MP: 3/3
   269 | D        | Noticed a water elemental
   272 | D        | Killed a water elemental
   273 | D        | Reached skill level 8 in Axes
   273 | D        | Reached skill level 5 in Dodging
   273 | D        | Reached XP level 5. HP: 51/51 MP: 4/4
   403 | D        | Found a radiant altar of Vehumet.
   403 | D        | Found a shimmering blue altar of Sif Muna.
   403 | D        | Found an ancient bone altar of Kikubaaqudgha.
   406 | D        | Reached *** piety under Trog
   409 | D        | Reached skill level 9 in Axes
   448 | D        | Found a glowing silver altar of Zin.
   448 | D        | Found a glowing golden altar of the Shining One.
   448 | D        | Found a white marble altar of Elyvilon.
   450 | D        | Noticed a deep elf pyromancer
   457 | D        | Killed a deep elf pyromancer
   457 | D        | Reached **** piety under Trog
   458 | D        | Reached skill level 12 in Axes
   458 | D        | Reached XP level 6. HP: 31/63 MP: 5/5
   458 | D        | Reached XP level 7. HP: 35/70 MP: 6/6
   674 | D        | Found a hide-covered altar of Uskayaw.
   674 | D        | Found an iron altar of Okawaru.
   674 | D        | Found a bloodstained altar of Trog.
   674 | D        | Found an ornate altar of the Wu Jian Council.
   674 | D        | Noticed a human
   675 | D        | Noticed a human
   680 | D        | Killed a human
   686 | D        | Killed a human
   687 | D        | Reached skill level 13 in Axes
   958 | D        | Found a basalt altar of Yredelemnul.
   958 | D        | Found a shadowy altar of Dithmenos.
   958 | D        | Found a sacrificial altar of Ru.
   964 | D        | Reached skill level 10 in Fighting
  1007 | D        | Noticed a shadow
  1012 | D        | Reached XP level 8. HP: 79/79 MP: 7/7
  1014 | D        | Reached ***** piety under Trog
  1015 | D        | Reached skill level 14 in Axes
  1015 | D        | Reached skill level 10 in Armour
  1113 | D        | Found a blossoming altar of Fedhas.
  1113 | D        | Found a stormy altar of Qazlal.
  1113 | D        | Found a snail-covered altar of Cheibriados.
  1113 | D        | Found a burning altar of Makhleb.
  1113 | D        | Found a shimmering altar of Xom.
  1114 | D        | Found a hazy altar of Hepliaklqana.
  1114 | D        | Found an opulent altar of Gozag.
  1114 | D        | Found a sparkling altar of Nemelex Xobeh.
  1114 | D        | Found a corrupted altar of Lugonu.
  1114 | D        | Found a viscous altar of Jiyva.
  1386 | D        | Received a gift from Trog
  1714 | D        | Noticed a two-headed ogre
  1719 | D        | Killed a two-headed ogre
  1720 | D        | Reached skill level 15 in Axes
  1720 | D        | Reached skill level 10 in Dodging
  1812 | D        | Noticed a two-headed ogre
  1812 | D        | Noticed Erolcha
  1817 | D        | Killed Erolcha
  1818 | D        | Reached skill level 16 in Axes
  1818 | D        | Reached XP level 9. HP: 90/90 MP: 8/8
  1821 | D        | Killed a two-headed ogre
  2275 | D        | Noticed a wandering mushroom
  2280 | D        | Noticed a wandering mushroom
  2282 | D        | Noticed a wandering mushroom
  2295 | D        | Killed a wandering mushroom
  2296 | D        | Reached skill level 17 in Axes
  2386 | D        | Noticed a cane toad
  2386 | D        | Noticed a komodo dragon
  2386 | D        | Noticed a cane toad
  2397 | D        | Killed a cane toad
  2402 | D        | Killed a cane toad
  2402 | D        | Received a gift from Trog
  2403 | D        | Reached XP level 10. HP: 101/101 MP: 9/9
  2408 | D        | Reached skill level 18 in Axes
  2509 | D        | Killed a four-headed hydra
  2558 | D        | Noticed a lindwurm
  2563 | D        | Killed a lindwurm
  2804 | D        | Reached ****** piety under Trog
  2805 | D        | Noticed Urug
  2812 | D        | Killed Urug
  2813 | D        | Reached skill level 19 in Axes
  2988 | D        | Noticed Harold
  2988 | D        | Noticed Joseph
  2996 | D        | Killed Harold
  2999 | D        | HP: 4/156 [Joseph/+2 quarterstaff of freezing (4)]
  3001 | D        | Killed Joseph
  3001 | D        | Received a gift from Trog
  3002 | D        | HP: 1/156 [poisoned by Joseph (curare-tipped dart)]
  3003 | D        | Succumbed to Joseph's curare-tipped dart

Illustrated notes

Levels and vault maps discovered:
D:        dungeon_sprint_mu [sprint_mu_entry_forest, sprint_mu_temple_rooms,
          sprint_mu_d1_spiders, sprint_mu_d2_genie, sprint_mu_d3_branching,
          sprint_mu_orc_legion, sprint_mu_elf_gauntlet, sprint_mu_hive_nellie,
          sprint_mu_lair_fedhas, sprint_mu_vaults_butterflies,
          sprint_mu_slime_circle, sprint_mu_swamp_cave, sprint_mu_snake_twists,
          sprint_mu_blade_basic, sprint_mu_crypt_fortress,
          sprint_mu_tomb_spiral, sprint_mu_vestibule_basic,
          sprint_mu_gehenna_hellfire, sprint_mu_dis_giant,
          sprint_mu_tartarus_statrot, sprint_mu_cocytus_islands, sprint_mu_zot1]

Skill      XL: |  1  2  3  4  5  6  7  8  9 10 |
---------------+-------------------------------+-----
Axes           | 5 7 8 12 13 16 17 19 | 19.9
Fighting       | 4 5 6 9 10 11 13 14 | 14.7
Armour         | 3 5 8 9 11 12 14 | 14.5
Dodging        | 3 4 5 8 10 11 13 | 13.4

Action                   |  1- 3 |  4- 6 |  7- 9 | 10-12 || total
-------------------------+-------+-------+-------+-------++-------
Melee: Hand axe          |    22 |    11 |    92 |     5 ||   130
       Headbutt          |       |     2 |    17 |    10 ||    29
       Battleaxe         |       |       |       |    39 ||    39
Invok: Berserk           |     3 |     3 |     7 |     2 ||    15
       Trog's Hand       |       |       |     1 |       ||     1
Armor: Animal skin       |     2 |       |       |       ||     2
       Plate armour      |       |       |    10 |    10 ||    20
Dodge: Dodged            |     6 |     2 |    16 |    11 ||    35
